 Dungeon Crawl Stone Soup version 0.21.1-1-g345015fe64 (webtiles) character file.

13515 JOKERXD40 the Spear-Bearer (level 11, -1/103 HPs)
             Began as a Minotaur Berserker on June 25, 2018.
             Was an Elder of Trog.
             Splashed by an oklob plant's acid (11 damage)
             ... on level 1 of the Lair of Beasts.
             The game lasted 00:25:38 (7696 turns).

JOKERXD40 the Spear-Bearer (Minotaur Berserker)     Turns: 7696, Time: 00:25:41

Health: -1/103     AC: -1    Str: 24    XL:     11   Next: 76%
Magic:  10/10      EV:  8    Int:  4    God:    Trog [****..]
Gold:   517        SH:  0    Dex: 11    Spells: 10/10 levels left

rFire    + . .     SeeInvis .   q - +3 spear (freeze)
rCold    . . .     Gourm    .   (no shield)
rNeg     . . .     Faith    .   k - +0 plate armour
rPois    .         Spirit   .   (helmet restricted)
rElec    .         Reflect  .   Q - +0 cloak
rCorr    .         Harm     .   u - +0 pair of gloves
MR       +++..                  s - +2 pair of boots
Stlth    ..........             N - amulet of regeneration
HPRegen  1.67/turn              d - ring of protection from fire
MPRegen  0.12/turn              I - ring of protection from magic

@: corroded, berserk cooldown, regenerating, slowed, very slow
A: retaliatory headbutt, horns 2
a: Berserk, Trog's Hand, Brothers in Arms, Burn Spellbooks, Renounce Religion


You were on level 1 of the Lair of Beasts.
You worshipped Trog.
Trog was greatly pleased with you.
You were very hungry.

You visited 2 branches of the dungeon, and saw 10 of its levels.

You collected 647 gold pieces.
You spent 130 gold pieces at shops.

Inventory:

Hand Weapons
 q - a +3 spear of freezing (weapon)
 S - a +3 spear
Missiles
 i - 11 javelins (quivered)
 C - 4 needles of sleeping
Armour
 k - a +0 plate armour (worn)
 s - a +2 pair of boots (worn)
 u - a +0 pair of gloves (worn)
 Q - a +0 cloak (worn)
Jewellery
 d - a ring of protection from fire (left hand)
 I - a ring of protection from magic (right hand)
 J - an uncursed amulet of faith
 N - an amulet of regeneration (around neck)
Wands
 v - a wand of flame (52)
 y - a wand of iceblast (6)
 D - a wand of disintegration (18)
 K - a wand of scattershot (6)
 P - a wand of enslavement (14)
 R - a wand of random effects (31)
 Z - a wand of polymorph (18)
Scrolls
 e - 2 scrolls of immolation {unknown}
 f - 2 scrolls of teleportation {unknown}
 l - 3 scrolls of identify
 m - a scroll of amnesia {unknown}
 w - 4 scrolls of enchant armour
 B - a scroll of torment {unknown}
 F - 2 scrolls of magic mapping
 G - a scroll of enchant weapon {unknown}
 H - a scroll of random uselessness {unknown}
 L - a scroll of holy word {unknown}
 M - 2 scrolls of blinking {unknown}
 O - a scroll of silence {unknown}
 T - a scroll of fog
 U - a scroll of remove curse
 W - a scroll of noise {unknown}
 Y - a scroll of fear {unknown}
Potions
 a - 2 potions of might
 b - 2 potions of brilliance {unknown}
 g - a potion of degeneration {unknown}
 h - 2 potions of ambrosia {unknown}
 j - a potion of invisibility {unknown}
 n - a potion of lignification {unknown}
 o - 4 potions of haste
 p - 2 potions of heal wounds {unknown}
 r - 6 potions of curing
 t - 3 potions of flight
 x - a potion of berserk rage {unknown}
 z - a potion of resistance {unknown}
 A - a potion of magic {unknown}
 E - a potion of agility
Books
 V - a book of Clouds

   Spells                             Type                      Level
   a - Poisonous Vapours              Poison/Air                   2
   b - Mephitic Cloud                 Conjuration/Poison/Air       3
   c - Conjure Flame                  Conjuration/Fire             3
   d - Freezing Cloud                 Conjuration/Ice/Air          6
   e - Ring of Flames                 Charms/Fire                  7
   Trog disapproves of the use of such an item.
Comestibles
 c - 12 rations
 X - 22 chunks of flesh


   Skills:
 + Level 11.6 Fighting
   Level 4.5(10.4) Axes
 + Level 14.0(14.3) Polearms
 + Level 3.3 Throwing
 + Level 12.0 Armour
 + Level 3.1 Dodging
 + Level 0.7 Stealth
 + Level 0.1 Evocations


You had 10 spell levels left.
You didn't know any spells.

Dungeon Overview and Level Annotations

Branches:
Dungeon (9/15)             Temple (0/1) D:4            Lair (1/6) D:9
    Orc: D:9-12

Altars:
Elyvilon
Hepliaklqana
Kikubaaqudgha
Makhleb
Okawaru
Qazlal
Ru
Trog
Yredelemnul

Shops:
D:7 *::

Annotations:
Lair:1 exclusion: 2 oklob plants


Innate Abilities, Weirdness & Mutations

You reflexively headbutt those who attack you in melee.
You have a pair of horns on your head.


Message History

The oklob plant spits acid at you. The splash of acid hits you!
The acid corrodes you!
You are splashed with acid!
The acid burns!
* * * LOW HITPOINT WARNING * * *
The oklob plant spits acid at you. The splash of acid hits you!
* * * LOW HITPOINT WARNING * * *
The acid corrodes you!
You are splashed with acid!
The acid burns!
* * * LOW HITPOINT WARNING * * *
You see here 16 gold pieces.
Your skin crawls.
You feel resistant to hostile enchantments.
You are feeling very hungry.
You feel better.
You feel the effects of Trog's Hand fading.
The oklob plant spits acid at you. The splash of acid hits you!
* * * LOW HITPOINT WARNING * * *
The acid corrodes you!
You are splashed with acid!
The acid burns!
You die...

##### ## ## ## #?@P# #
.######P##.####(.!# #.#
..............#P.[# ....
.... .........#P.P#.....
..####.#.....#..........
.......#.....#..........
.......#..........#(....
.......#.....#..........
.......#................


You could see 2 oklob plants.

Vanquished Creatures
  2 hydras (Lair:1)
  3 two-headed ogres
  The ghost of raetorn the Carver, a novice VSFi of Okawaru (D:8)
  Pikel (D:8)
  The ghost of Mesmodan the Thaumaturge, a novice GnWz of Sif Muna (D:7)
  Maurice (D:8)
  A spiny frog (Lair:1)
  3 blink frogs (Lair:1)
  A hippogriff (D:7)
  4 hogs (D:7)
  14 yaks
  A human (D:7)
  Edmund (D:6)
  A water moccasin (Lair:1)
  2 ice beasts
  2 orc warriors (D:8)
  3 black bears
  A hornet zombie (D:5)
  A slave (D:8)
  5 ogres
  9 phantoms
  4 centaurs
  A crocodile (Lair:1)
  Blork the orc (D:6)
  6 bullfrogs
  3 scorpions
  A wyvern skeleton (D:6)
  A wight (D:7)
  10 killer bees
  A howler monkey (D:7)
  5 crimson imps
  A bullfrog zombie (D:8)
  3 centaur zombies
  6 hounds
  A jelly (D:9)
  3 orc priests
  6 orc wizards
  2 worker ants
  A worker ant zombie (D:5)
  Robin (D:2)
  7 gnolls
  10 adders
  A shadow imp (D:7)
  An ooze (D:3)
  2 adder skeletons
  An adder zombie (D:7)
  A dart slug (D:3)
  6 leopard geckos
  27 orcs
  4 bats
  3 giant cockroaches
  12 goblins
  14 hobgoblins
  8 jackals
  5 quokkas
  A ball python (D:1)
  6 frilled lizards
  4 kobolds
  4 rats
  A fungus (D:7)
233 creatures vanquished.

Vanquished Creatures (others)
  A plant (Lair:1)
1 creature vanquished.

Grand Total: 234 creatures vanquished

Notes
Turn   | Place    | Note
-------+----------+-------------------------------------------
     0 | D:1      | JOKERXD40 the Minotaur Berserker began the quest for the Orb.
     0 | D:1      | Reached XP level 1. HP: 19/19 MP: 0/0
   237 | D:1      | Reached XP level 2. HP: 25/27 MP: 1/1
   622 | D:1      | Reached skill level 1 in Polearms
   830 | D:2      | Found a white marble altar of Elyvilon.
   847 | D:2      | Reached XP level 3. HP: 33/33 MP: 2/2
   918 | D:2      | Noticed Robin
   924 | D:2      | Reached ** piety under Trog
   938 | D:2      | Killed Robin
  1002 | D:2      | Reached XP level 4. HP: 40/40 MP: 3/3
  1081 | D:2      | Reached skill level 2 in Polearms
  1084 | D:2      | Found a burning altar of Makhleb.
  1686 | D:3      | Reached XP level 5. HP: 47/47 MP: 4/4
  2064 | D:4      | Noticed a phantom
  2079 | D:4      | Killed a phantom
  2079 | D:4      | Reached skill level 4 in Polearms
  2079 | D:4      | Reached XP level 6. HP: 52/55 MP: 5/5
  2155 | D:4      | Found a staircase to the Ecumenical Temple.
  2190 | D:4      | Reached skill level 5 in Fighting
  2501 | D:4      | Reached skill level 5 in Polearms
  2530 | D:4      | Reached *** piety under Trog
  2808 | D:5      | Entered Level 5 of the Dungeon
  2853 | D:5      | Reached XP level 7. HP: 48/61 MP: 6/6
  2897 | D:5      | Reached skill level 6 in Polearms
  2959 | D:5      | Reached skill level 1 in Throwing
  2959 | D:5      | Reached skill level 5 in Armour
  3007 | D:5      | Reached skill level 7 in Polearms
  3195 | D:5      | Found a sacrificial altar of Ru.
  3200 | D:5      | Found a stormy altar of Qazlal.
  3203 | D:5      | Found a hazy altar of Hepliaklqana.
  3233 | D:5      | Reached XP level 8. HP: 71/71 MP: 7/7
  3798 | D:6      | Noticed Edmund
  3817 | D:6      | Killed Edmund
  3874 | D:6      | Found a stormy altar of Qazlal.
  3875 | D:6      | Noticed an air elemental
  3888 | D:6      | Reached skill level 8 in Polearms
  3893 | D:6      | Reached **** piety under Trog
  4025 | D:6      | Received a gift from Trog
  4387 | D:6      | Reached skill level 9 in Polearms
  4410 | D:6      | Reached XP level 9. HP: 67/81 MP: 8/8
  4448 | D:6      | Noticed Blork the orc
  4452 | D:6      | Killed Blork the orc
  4569 | D:7      | Found Zereng's Book Emporium.
  4569 | D:7      | Noticed Mesmodan's ghost (novice GnWz)
  4600 | D:7      | Killed Mesmodan's ghost
  4611 | D:7      | Reached skill level 10 in Polearms
  4732 | D:7      | Found Gisovai's Assorted Antiques.
  4740 | D:7      | Bought a dented amethyst amulet for 130 gold pieces
  4740 | D:7      | Found Aqa Seni's Book Shoppe.
  5096 | D:7      | Reached skill level 11 in Polearms
  5211 | D:7      | Reached XP level 10. HP: 91/91 MP: 9/9
  5325 | D:7      | Found a basalt altar of Yredelemnul.
  5448 | D:8      | Noticed Maurice
  5459 | D:8      | Killed Maurice
  5525 | D:8      | Noticed raetorn's ghost (novice VSFi)
  5536 | D:8      | Killed raetorn's ghost
  5628 | D:8      | Reached skill level 12 in Polearms
  5990 | D:8      | Noticed Pikel
  6005 | D:8      | Killed Pikel
  6005 | D:8      | Reached skill level 10 in Fighting
  6210 | D:8      | Noticed a two-headed ogre
  6216 | D:8      | Killed a two-headed ogre
  6216 | D:8      | Reached skill level 10 in Armour
  6298 | D:8      | Noticed a two-headed ogre
  6309 | D:8      | Killed a two-headed ogre
  6309 | D:8      | Reached XP level 11. HP: 101/101 MP: 10/10
  6310 | D:8      | Reached skill level 13 in Polearms
  6707 | D:9      | Noticed a two-headed ogre
  6724 | D:9      | Killed a two-headed ogre
  6773 | D:9      | Found a staircase to the Lair.
  6791 | D:9      | Found a bloodstained altar of Trog.
  7124 | D:9      | Found an ancient bone altar of Kikubaaqudgha.
  7124 | D:9      | Found an iron altar of Okawaru.
  7129 | D:9      | Found a faded altar of an unknown god.
  7131 | D:9      | Found a faded altar of an unknown god.
  7133 | D:9      | Found a white marble altar of Elyvilon.
  7410 | Lair:1   | Entered Level 1 of the Lair of Beasts
  7414 | Lair:1   | Noticed a seven-headed hydra
  7424 | Lair:1   | Killed a seven-headed hydra
  7608 | Lair:1   | Noticed an eight-headed hydra
  7621 | Lair:1   | Killed an eight-headed hydra
  7621 | Lair:1   | Reached skill level 14 in Polearms
  7662 | Lair:1   | Noticed an oklob plant
  7680 | Lair:1   | Noticed an oklob plant
  7696 | Lair:1   | Splashed by an oklob plant's acid

Skill      XL: |  1  2  3  4  5  6  7  8  9 10 11 |
---------------+----------------------------------+-----
Axes           | 4 |  4.5
Fighting       | 4 5 6 7 9 10 11 | 11.6
Polearms       | 1 2 4 5 7 9 11 12 14 | 14.0
Armour         | 3 4 5 6 8 10 12 | 12.0
Throwing       | 1 2 3 |  3.3
Dodging        | 3 |  3.1
Stealth        | |  0.7
Evocations     | |  0.1

Action                   |  1- 3 |  4- 6 |  7- 9 | 10-12 || total
-------------------------+-------+-------+-------+-------++-------
Melee: Spear             |    75 |   128 |   283 |   352 ||   838
       Hand axe          |     3 |       |       |       ||     3
       Headbutt          |     4 |    19 |    52 |    73 ||   148
Throw: Javelin           |       |     4 |    15 |       ||    19
Invok: Berserk           |     1 |     1 |     5 |     9 ||    16
       Trog's Hand       |       |       |       |     1 ||     1
Evoke: Wand              |       |       |     1 |       ||     1
  Use: Scroll            |     1 |     1 |     2 |     6 ||    10
       Potion            |       |       |       |     1 ||     1
  Eat: Chunk             |     1 |     6 |     3 |     9 ||    19
       Ration            |       |       |     3 |     2 ||     5
Armor: Leather armour    |     1 |       |       |       ||     1
       Plate armour      |    25 |    55 |    91 |   106 ||   277
       Chain mail        |     5 |       |       |       ||     5
Dodge: Dodged            |    31 |    28 |    47 |    59 ||   165
